 Dungeon Crawl Stone Soup version 0.31-a0-175-g9f7f995f2b (webtiles) character file.

Game seed: 17032136400419216182

94 qw the Shooter (level 4, 0/28 HPs)
             Began as a Gargoyle Hunter on June 16, 2023.
             Slain by an orc
             ... wielding a +0 mace
              (6 damage)
             ... on level 3 of the Dungeon.
             The game lasted 00:00:41 (1529 turns).

qw the Shooter (Gargoyle Hunter)                    Turns: 1529, Time: 00:00:42

Health: 0/28       AC:  8    Str: 15    XL:     4   Next: 63%
Magic:  4/4        EV: 11    Int:  9    God:
Gold:   104        SH:  0    Dex: 15    Spells: 3/3 levels left

rFire   . . .        Y - +1 shortbow
rCold   . . .        (shield currently unavailable)
rNeg    + . .        e - +0 ring mail
rPois   inf          (no helmet)
rElec   +            (no cloak)
rCorr   .            (no gloves)
SInv    .            (no boots)
Will    .....        (no amulet)
Stlth   +            (no ring)
HPRegen 0.24/turn    (no ring)
MPRegen 0.09/turn

%: no passive effects
@: no status effects
A: sickness immunity, AC +3, negative energy resistance 1, electricity
resistance, torment resistance 1, petrification resistance
a: no special abilities


You were on level 3 of the Dungeon.
You visited 1 branch of the dungeon, and saw 3 of its levels.

You collected 104 gold pieces.


Innate Abilities, Weirdness & Mutations

You are immune to sickness and miasma.
Your stone body is resilient. (AC +3)
You are immune to poison.
You resist negative energy. (rN+)
You are resistant to electric shocks. (rElec)
You are resistant to unholy torment.
You are immune to petrification.


   Skills:
 - Level 3.0 Fighting
 + Level 5.4 Ranged Weapons
 - Level 1.0 Armour
 - Level 1.5 Dodging
 - Level 1.1 Stealth


You had 3 spell levels left.
You didn't know any spells.
Your spell library was empty.

Inventory:

Hand Weapons
 Y - a +1 shortbow (weapon)
Armour
 e - a +0 ring mail (worn)
Scrolls
 a - a scroll of teleportation {unknown}
 g - 2 scrolls of identify
Potions
 d - a potion of mutation

Dungeon Overview and Level Annotations

Branches:
Dungeon (3/15)

Altars:

Annotations:
D:2 1 runed translucent door, Crazy Yiuf


Message History

The orc wizard hits you but does no damage. x2
You shoot an arrow.
The arrow hits the orc wizard but does no damage.
You shoot an arrow. The arrow barely misses the orc wizard.
You hear a shout!
An orc comes into view. It is wielding a +0 mace.
The orc wizard hits you but does no damage.
You shoot an arrow. The arrow barely misses the orc wizard.
The orc barely misses you. The orc wizard completely misses you.
You shoot an arrow. The arrow hits the orc wizard.
The orc wizard is lightly wounded.
The orc barely misses you.
The orc wizard hits you but does no damage.
The orc hits you with a +0 mace.
The orc wizard hits you but does no damage.
You shoot an arrow. The arrow hits the orc wizard.
The orc wizard is moderately wounded.
The orc hits you with a +0 mace.
The orc wizard hits you with a +0 dagger.
You shoot an arrow.
The arrow closely misses the orc wizard.
The orc hits you but does no damage. The orc wizard barely misses you.
You shoot an arrow. The arrow hits the orc wizard.
The orc wizard is heavily wounded.
The orc hits you but does no damage. The orc wizard closely misses you.
You shoot an arrow. The arrow hits the orc wizard.
The orc wizard is severely wounded.
The orc hits you with a +0 mace.
The orc wizard casts a spell.
The orc wizard flickers and vanishes!
Deactivating autopickup; reactivate with Ctrl-A.
You shoot an arrow. The arrow closely misses the orc.
The orc hits you with a +0 mace. Something hits you but does no damage.
The orc hits you with a +0 mace. Something hits you but does no damage.
You shoot an arrow. The arrow hits the orc.
The orc is moderately wounded.
The orc barely misses you. Something hits you.
You shoot an arrow. The arrow barely misses the orc.
The orc hits you with a +0 mace.
You die...

## . .##### ###......
######## #{oo..)..
#......# #@# ####......#
#.# #.........# #.#
#.........# #.#
#.........# #.#
#.........# #.#
#.........# #.#######
###.........####..(.....
..'.........'..'........


You could see 2 orcs.

Vanquished Creatures
  4 adders
  3 dart slugs
  An orc (D:3)
  3 endoplasms
  3 giant cockroaches (D:2)
  2 goblins (D:1)
  4 hobgoblins
  7 jackals
  4 kobolds (D:2)
  A quokka (D:2)
  3 ball pythons
  3 bats
  3 frilled lizards
  8 rats
49 creatures vanquished.

Notes
Turn   | Place    | Note
-------+----------+-------------------------------------------
     0 | D:1      | qw the Gargoyle Hunter began the quest for the Orb.
     0 | D:1      | Reached XP level 1. HP: 12/12 MP: 1/1
     0 | D:1      | 0 ||| qw: Version: 0.2-a-29-g511e9b1
     0 | D:1      | 0 ||| qw: Game counter: 5649
     0 | D:1      | 0 ||| qw: Always use a shield: true
     0 | D:1      | 0 ||| qw: God list: Okawaru
     0 | D:1      | 0 ||| qw: Allow faded altars: false
     0 | D:1      | 0 ||| qw: Do Orc after D:15 true
     0 | D:1      | 0 ||| qw: Do second Lair branch before Depths: true
     0 | D:1      | 0 ||| qw: Lair rune preference: random
     0 | D:1      | 0 ||| qw: Plans: Normal, Zot:1-4, Slime:5, God:TSO, Crypt,
                  | Tomb, Abyss, Pan, Hells, Win
     0 | D:1      | 0 ||| PLANNING D:1-11
   188 | D:1      | Reached XP level 2. HP: 17/17 MP: 2/2
   674 | D:1      | 674 ||| READING scroll labelled ZAHEAHUELL.
   675 | D:1      | 675 ||| READING 3 scrolls labelled RACSO LOAKOMA.
   676 | D:1      | 676 ||| READING scroll labelled SOIXUNA BOYSS.
   677 | D:1      | 677 ||| READING scroll labelled TUGGESETEA.
   678 | D:1      | 678 ||| READING scroll labelled LEV PACKOFFACZAY.
   679 | D:1      | 679 ||| READING 2 scrolls of identify.
   679 | D:1      | 679 ||| IDENTIFYING green potion
   680 | D:1      | 680 ||| DROPPING scroll of butterflies.
   705 | D:2      | 705 ||| STAIRDANCE
   708 | D:1      | Reached XP level 3. HP: 11/21 MP: 3/3
   755 | D:2      | Reached skill level 5 in Ranged Weapons
   872 | D:2      | Reached skill level 3 in Fighting
   972 | D:2      | Found a faded altar of an unknown god.
   978 | D:2      | 978 ||| Stepping ~*~*~tactically~*~*~ (water).
   980 | D:2      | 980 ||| Stepping ~*~*~tactically~*~*~ (water).
   982 | D:2      | 982 ||| Stepping ~*~*~tactically~*~*~ (water).
   993 | D:2      | Reached XP level 4. HP: 28/28 MP: 4/4
  1146 | D:2      | Found a runed translucent door.
  1147 | D:2      | Noticed Crazy Yiuf
  1348 | D:2      | 1348 ||| UPGRADING to +0 ring mail.
  1358 | D:2      | 1358 ||| DROPPING +0 leather armour.
  1359 | D:2      | 1359 ||| READING scroll labelled URATARPHAENN.
  1360 | D:2      | 1360 ||| READING scroll labelled WOUWAMANGO.
  1361 | D:2      | 1361 ||| READING 2 scrolls of identify.
  1361 | D:2      | 1361 ||| IDENTIFYING black potion
  1362 | D:2      | 1362 ||| DROPPING potion of enlightenment.
  1469 | D:3      | Reached skill level 1 in Armour
  1528 | D:3      | HP: 6/28 [something (3)]
  1529 | D:3      | Slain by an orc

Levels and vault maps discovered:
D:1:      roderic_chinese_lattice_arrival, layout_basic
D:2:      layout_rooms, hellmonk_ecumenical_altar_pennies_from_heaven,
          minmay_pentomino_r4, uniq_crazy_yiuf_cottage
D:3:      layout_basic, hangedman_decor_riveting, grunt_decor_junction,
          minmay_statues_item, uniq_sigmund

Skill      XL: |  1  2  3  4 |
---------------+-------------+-----
Ranged Weapons | 5 |  5.4
Fighting       | 3 |  3.0
Armour         | 1 |  1.0
Dodging        | |  1.5
Stealth        | |  1.1

Action                     |  1- 3 |  4- 6 || total
---------------------------+-------+-------++-------
   Fire: Shortbow          |   123 |    43 ||   166
    Use: Scroll            |     6 |     3 ||     9
 Armour: Leather armour    |    35 |       ||    35
         Ring mail         |       |    10 ||    10
  Dodge: Dodged            |    51 |     8 ||    59

Table legend:
 A = Non-vault XP
 B = Vault XP
 C = Vault XP percentage of total XP
 D = Non-vault monster count
 E = Vault monster count
 F = Vault count percentage of total count
                 A         B        C        D         E       F
            +---------+---------+-------+---------+---------+-------
      Total |     129 |       6 |   4.4 |      46 |       3 |   6.1
            +---------+---------+-------+---------+---------+-------
        D:1 |      33 |       0 |   0.0 |      20 |       0 |   0.0
        D:2 |      72 |       6 |   7.7 |      22 |       3 |  12.0
        D:3 |      24 |       0 |   0.0 |       4 |       0 |   0.0
            +---------+---------+-------+---------+---------+-------
